 Dungeon Crawl Stone Soup version 0.30-a0-50-gb2d611f6b1 (webtiles) character file.

Game seed: 7801616112387825687

35520 pokeman the Eclecticist (level 13, -8/72 HPs)
             Began as a Deep Elf Hedge Wizard on Sept 4, 2022.
             Was an Elder of Vehumet.
             Mangled by a dire elephant (14 damage)
             ... in a Gauntlet.
             The game lasted 01:19:31 (21021 turns).

pokeman the Eclecticist (Deep Elf Hedge Wizard)    Turns: 21021, Time: 01:19:31

Health: -8/72      AC: 14    Str:  7    XL:     13   Next: 48%
Magic:  42/47      EV: 11    Int: 25    God:    Vehumet [****..]
Gold:   674        SH:  5    Dex: 14    Spells: 22/50 levels left

rFire   x . .      SeeInvis .    C - +6 dagger "Exuff" {venom, rF- rC+ rN+ MP+9}
rCold   + . .      Faith    .    D - +0 buckler
rNeg    + . .      Spirit   .    F - +0 acid dragon scales
rPois   .          Reflect  .    y - +2 helmet
rElec   .          Harm     .    I - +0 cloak
rCorr   +          Rampage  .    W - +0 pair of gloves
Will    ++...      NoTele   +    j - +0 pair of boots
Stlth   ++........               t - amulet of regeneration
HPRegen 1.02/turn                i - ring of willpower
MPRegen 0.30/turn                L - ring of wizardry

@: on blink cooldown
A: no striking features
a: Renounce Religion


You were in a Gauntlet.
You worshipped Vehumet.
Vehumet was greatly pleased with you.
You visited 2 branches of the dungeon, and saw 14 of its levels.
You also visited: Bailey, Gauntlet and Ice Cave.

You collected 1041 gold pieces.
You spent 367 gold pieces at shops.

Inventory:

Hand Weapons
 w - a +0 arbalest
 C - the +6 dagger "Exuff" (weapon) {venom, rF- rC+ rN+ MP+9}
   (You bought it in a shop on level 1 of the Dungeon)

   It poisons the flesh of those it strikes.
   rF:        It makes you vulnerable to fire.
   rC:        It protects you from cold.
   rN:        It protects you from negative energy.
   MP:        It affects your magic capacity (+9).
 V - the +6 war axe "Fuclihog" {vorpal, *Rage rElec Dex+9}
   (You found it in a Gauntlet)

   It inflicts extra damage upon your enemies.
   Dex:       It affects your dexterity (+9).
   rElec:     It insulates you from electricity.
   *Rage:     It berserks you when you make melee attacks (+20% chance).
Missiles
 M - 8 throwing nets
Armour
 b - a +2 robe of fire resistance
 f - +0 steam dragon scales
 j - a +0 pair of boots (worn)
 y - a +2 helmet (worn)
 D - a +0 buckler (worn)
 F - +0 acid dragon scales (worn)
 I - a +0 cloak (worn)
 K - the +1 hat of Jezihe {Str+3}
   (You found it in a Gauntlet)

   Str:       It affects your strength (+3).
 T - the +1 helmet of Disguise {-Cast Str+5}
   (You found it in a Gauntlet)

   Str:       It affects your strength (+5).
   -Cast:     It prevents spellcasting.
 W - a +0 pair of gloves (worn)
Magical Staves
 o - a staff of cold
 A - a staff of fire
Jewellery
 i - a ring of willpower (left hand)
 t - an amulet of regeneration (around neck)
 B - a ring of willpower
 L - a ring of wizardry (right hand)
 O - a ring of fire
 Q - a ring of fire
Wands
 e - a wand of flame (12)
 s - a wand of acid (4)
 v - a wand of polymorph (4)
Scrolls
 a - 12 scrolls of teleportation
 c - 3 scrolls of fear {unknown}
 n - a scroll of enchant weapon
 p - 3 scrolls of enchant armour
 q - 3 scrolls of blinking
 u - a scroll of amnesia {unknown}
 z - a scroll of identify
 P - 2 scrolls of butterflies {unknown}
 S - a scroll of summoning {unknown}
 U - 2 scrolls of brand weapon {unknown}
Potions
 d - 6 potions of magic
 g - 9 potions of curing
 h - 4 potions of mutation {unknown}
 k - 3 potions of haste {unknown}
 l - a potion of brilliance {unknown}
 m - 2 potions of degeneration {unknown}
 x - 3 potions of flight {unknown}
 E - a potion of berserk rage {unknown}
 G - a potion of attraction {unknown}
 H - a potion of cancellation {unknown}
 N - 2 potions of heal wounds
 R - 2 potions of ambrosia {unknown}
Miscellaneous
 r - a condenser vane
 J - a piece from Xom's chessboard (14/15)


   Skills:
 + Level 4.5 Fighting
 - Level 5.0 Armour
 - Level 3.0 Dodging
 - Level 3.0 Stealth
 - Level 5.0 Shields
 * Level 19.1 Spellcasting
 + Level 11.5 Conjurations
 - Level 1.1 Summonings
 - Level 2.3 Necromancy
 - Level 1.1 Translocations
 + Level 10.9 Fire Magic
 - Level 1.0 Ice Magic
 - Level 1.0 Air Magic
 - Level 2.0 Earth Magic
 - Level 1.1 Poison Magic
 - Level 1.2 Evocations


You had 22 spell levels left.
You knew the following spells:

 Your Spells              Type           Power      Damage    Failure   Level
a - Magic Dart            Conj           100%       1d8       1%          1
b - Mephitic Cloud        Conj/Pois/Air  46%        N/A       1%          3
c - Call Imp              Summ           29%        N/A       1%          2
d - Blink                 Tloc           58%        N/A       1%          2
e - Conjure Flame         Conj/Fire      69%        6-21      1%          3
f - Foxfire               Conj/Fire      100%       2x1d9     1%          1
g - Stone Arrow           Conj/Erth      100%       3d13      1%          3
h - Freezing Cloud        Conj/Ice/Air   23%        6-21      2%          5
i - Lehudib's Crystal Sp  Conj/Erth      27%        10d7      80%         8

Your spell library contained the following spells:

 Spells                   Type           Power      Damage    Failure   Level
 Fulminant Prism          Conj/Hex       26%        3d14      1%          4
 Freeze                   Ice            100%       1d11      1%          1
 Slow                     Hex            92%        N/A       1%          1
 Sting                    Tmut/Pois      100%       1d8       1%          1
 Poisonous Vapours        Pois/Air       58%        N/A       1%          2
 Frozen Ramparts          Ice            58%        1d9       1%          3
 Ignite Poison            Fire/Tmut/Pois 43%        N/A       1%          3
 Hailstorm                Conj/Ice       53%        3d12      1%          4
 Lightning Bolt           Conj/Air       26%        1d42      1%          5
 Call Canine Familiar     Summ           29%        N/A       3%          3
 Airstrike                Air            14%        2d(2-18)  3%          4
 Olgreb's Toxic Radiance  Pois           29%        N/A       3%          4
 Portal Projectile        Hex/Tloc       52%        N/A       4%          3
 Confusing Touch          Hex            23%        N/A       5%          3
 Tukima's Dance           Hex            23%        N/A       5%          3
 Animate Armour           Summ/Erth      62%        N/A       10%         4
 Leda's Liquefaction      Hex/Erth       14%        N/A       12%         4
 Passage of Golubria      Tloc           29%        N/A       12%         4
 Summon Lightning Spire   Summ/Air       29%        N/A       12%         4
 Yara's Violent Unravell  Hex/Tmut       11%        3d6       13%         5
 Dispersal                Tloc           14%        N/A       83%         6
 Enfeeble                 Hex            11%        N/A       100%        7
 Disjunction              Tloc           14%        N/A       100%        8


Dungeon Overview and Level Annotations

Branches:
Dungeon (13/15)            Temple (1/1) D:6            Lair (0/5) D:11
    Orc (0/2) D:9          Vaults (0/5) D:13         Bailey (visited)
  IceCv (visited)         Gauntlet (1/1)

Altars:
Ashenzari
Cheibriados
Dithmenos
Elyvilon
Fedhas
Gozag
Hepliaklqana
Kikubaaqudgha
Makhleb
Nemelex Xobeh
Okawaru
Qazlal
Ru
Sif Muna
Trog
Uskayaw
Vehumet
Wu Jian
Xom
Yredelemnul
Zin
The Shining One

Shops:
D:1 (   D:2 ?   D:11 *

Annotations:
D:4 Loot behind grate
D:10 2 runed translucent doors, QueenGhuleh's ghost, novice MiBe
D:13 Rupert Gauntlet 11 transporters


Message History

Press: ? - help, Shift-Dir - straight line, p - dire elephant The ball explodes into a vile cloud!
The stinking cloud engulfs the elephant but does no damage.
You feel stable enough to blink again.
The elephant is engulfed in noxious fumes.
The elephant is engulfed in noxious fumes.
The elephant appears confused.
The elephant is engulfed in noxious fumes.
The elephant appears confused.
You block the elephant's attack.
The elephant trunk-slaps you but does no damage.
The dire elephant is engulfed in noxious fumes.
The elephant is engulfed in noxious fumes.
The elephant appears confused.
Something tramples the elephant but does no damage.
Something trunk-slaps the elephant but does no damage.
The elephant tramples itself!
The elephant trunk-slaps itself but does no damage.
You see here a scroll of teleportation.
a - 12 scrolls of teleportation (gained 1)
The dire elephant seems less confused.
You see here the +6 war axe "Fuclihog" {vorpal, *Rage rElec Dex+9}.
V - the +6 war axe "Fuclihog" {vorpal, *Rage rElec Dex+9} The dire elephant misses you.
The dire elephant trunk-slaps you!
The dire elephant attacks as you move away!
The dire elephant tramples you!!
* * * LOW HITPOINT WARNING * * *
The dire elephant trunk-slaps you.
* * * LOW HITPOINT WARNING * * *
There is a transporter here.
Casting: Mephitic Cloud (safe; 1% risk of failure)
Confirm with . or Enter, or press ? or * to list all spells.
You blink.
The elephant closely misses you.
The elephant trunk-slaps you but does no damage.
Unknown command.
Okay, then.
Unknown command.
The dire elephant attacks as you move away!
The dire elephant tramples you!
You die...

...©#.....§.....#©...........©#..
#####....≈8≈....#######.#######..
..........≈...........#.#........
#########...###########.#........
#^.######...##.......##.#..######
#.##..#^#...#.#.....#.#.#..#8#
##..#.[##...#..#...#..#.#..###
.#.####$#...#...#.#...#.#..#
#.#.##.©#...#©.Y@#©...#©#..###
.#.#.##)#...#..Y#.#...###..#8#
.#.#.##.#...#..#...#..#....###
#.©#...^#...#.#....Y#.#....#
P###t#..#...##.......##..###
#########...###########..#8#
....#©#.......#©#........###
....#.#..≈∩≈§.#.#.......≈#
#####.#########.##########


You could see a dire elephant and 2 elephants.

Vanquished Creatures
  Frances (D:13)
  Gastronok (D:9)
  Snorg (D:11)
  A boulder beetle (D:11)
  2 catoblepae
  A centaur warrior (D:13)
  6 two-headed ogres
  3 skeletal warriors (D:12)
  A bog body (IceCv)
  2 wizards
  A deep elf pyromancer (D:12)
  Pikel (D:4)
  2 necromancers
  A cyclops (D:7)
  An ugly thing (D:7)
  A manticore (D:7)
  2 ice statues (IceCv)
  6 gargoyles
  Maggie (D:6)
  4 unseen horrors
  3 anaconda simulacra (IceCv)
  A tengu conjurer (D:13)
  A komodo dragon (D:12)
  4 trolls
  7 ice devils
  2 hornets (D:10)
  10 slime creatures
  A shadow (D:10)
  3 wraiths
  A dire elephant simulacrum (IceCv)
  4 wyverns
  Grum (Bailey)
  A steam dragon (D:9)
  7 vampire mosquitoes
  Menkaure (D:4)
  Edmund (D:4)
  3 harpy simulacra (IceCv)
  2 acid dragons
  3 water moccasins
  3 hydra simulacra (IceCv)
  8 orc warriors
  2 ice beasts
  A black bear (D:7)
  A sky beast (D:8)
  2 ogres
  6 wolves (Bailey)
  8 centaurs
  A lemure (D:4)
  3 phantoms
  2 kobold brigands (D:9)
  6 bullfrogs
  3 necrophages
  2 scorpions (D:7)
  11 gnoll sergeants
  A two-headed ogre simulacrum (IceCv)
  13 wights
  A howler monkey (D:9)
  3 jellies
  8 orc priests
  7 hounds
  9 gnoll boudas
  An iguana (D:5)
  17 orc wizards
  3 troll simulacra (IceCv)
  A spriggan simulacrum (IceCv)
  2 wolf simulacra (IceCv)
  Robin (D:4)
  49 gnolls
  6 adders
  4 shadow imps
  3 white imps
  2 ufetubi (D:6)
  2 worms
  A dart slug (D:3)
  52 orcs
  3 bats
  8 endoplasms
  6 giant cockroaches
  20 goblins
  10 hobgoblins
  3 quokkas
  7 ball pythons
  4 frilled lizards (D:1)
  18 kobolds
  6 rats
425 creatures vanquished.

Vanquished Creatures (collateral kills)
  A phantom (D:3)
  An iguana (D:3)
  An orc wizard (D:4)
  3 orcs
6 creatures vanquished.

Vanquished Creatures (others)
  A slime creature (D:13)
  Sigmund (D:4)
  An iguana (D:7)
  3 demonic plants (Gauntlet)
  532 foxfires
538 creatures vanquished.

Grand Total: 969 creatures vanquished

Notes
Turn   | Place    | Note
-------+----------+-------------------------------------------
     0 | D:1      | pokeman the Deep Elf Hedge Wizard began the quest for the
                  | Orb.
     0 | D:1      | Reached XP level 1. HP: 10/10 MP: 7/7
   229 | D:1      | Reached XP level 2. HP: 16/16 MP: 4/9
   862 | D:1      | Reached skill level 5 in Spellcasting
   970 | D:1      | Found Moocefoxzu's Antique Weapon Shoppe.
  1121 | D:2      | Reached XP level 3. HP: 18/20 MP: 6/11
  1125 | D:2      | Learned a level 3 spell: Mephitic Cloud
  1128 | D:2      | Learned a level 2 spell: Call Imp
  1135 | D:2      | Learned a level 2 spell: Blink
  1139 | D:2      | Learned a level 3 spell: Conjure Flame
  1235 | D:2      | Found Jechesk's Magic Scroll Emporium.
  1280 | D:2      | Found a faded altar of an unknown god.
  1375 | D:2      | Reached skill level 1 in Fighting
  1500 | D:2      | Reached skill level 1 in Armour
  1544 | D:2      | You fall into a shaft and drop 2 floors!
  1676 | D:3      | Found an iron altar of Okawaru.
  2136 | D:3      | Reached XP level 4. HP: 19/25 MP: 3/13
  3162 | D:4      | Reached skill level 1 in Fire Magic
  3434 | D:4      | Reached skill level 6 in Spellcasting
  3434 | D:4      | Reached XP level 5. HP: 29/29 MP: 2/15
  3449 | D:4      | Noticed Edmund
  3759 | D:3      | Reached skill level 1 in Ice Magic
  4047 | D:4      | Noticed Robin
  4248 | D:4      | Killed Robin
  4256 | D:4      | Reached skill level 1 in Shields
  4380 | D:4      | Found a hazy altar of Hepliaklqana.
  4382 | D:4      | Found a sacrificial altar of Ru.
  4382 | D:4      | Found a basalt altar of Yredelemnul.
  4384 | D:4      | Found a shimmering altar of Xom.
  4384 | D:4      | Found a burning altar of Makhleb.
  4384 | D:4      | Found a glowing silver altar of Zin.
  4412 | D:4      | Reached skill level 1 in Air Magic
  4412 | D:4      | Reached XP level 6. HP: 34/34 MP: 5/17
  4796 | D:3      | Reached skill level 7 in Spellcasting
  4796 | D:3      | Reached skill level 1 in Poison Magic
  5010 | D:4      | Killed Edmund
  5011 | D:4      | Reached skill level 1 in Evocations
  5011 | D:4      | Reached XP level 7. HP: 29/38 MP: 7/20
  5287 | D:4      | Reached skill level 8 in Spellcasting
  5350 | D:4      | Noticed Menkaure
  5350 | D:4      | Noticed Sigmund
  5407 | D:4      | Found a hazy altar of Hepliaklqana.
  5413 | D:4      | Killed Sigmund
  5661 | D:4      | Killed Menkaure
  6029 | D:4      | Noticed Pikel
  6043 | D:4      | Killed Pikel
  6044 | D:4      | Reached skill level 9 in Spellcasting
  6044 | D:4      | Reached XP level 8. HP: 44/44 MP: 13/23
  6151 | D:4      | Reached skill level 5 in Conjurations
  6169 | D:4      | Found a bloodstained altar of Trog.
  6254 | D:4      | Found a glowing silver altar of Zin.
  6318 | D:4      | Found a glowing golden altar of the Shining One.
  6360 | D:5      | Entered Level 5 of the Dungeon
  6891 | D:5      | Reached skill level 10 in Spellcasting
  7133 | D:5      | Found a snail-covered altar of Cheibriados.
  7322 | D:5      | Found an ancient bone altar of Kikubaaqudgha.
  7722 | D:1      | Bought a scorched dagger for 189 gold pieces
  7722 | D:1      | Identified the +6 dagger "Exuff" {venom, rF- rC+ rN+ MP+9}
                  | (You bought it in a shop on level 1 of the Dungeon)
  7834 | D:2      | Bought a scroll of identify for 28 gold pieces
  7834 | D:2      | Bought a scroll of identify for 28 gold pieces
  7834 | D:2      | Bought a scroll of teleportation for 42 gold pieces
  8061 | D:6      | Reached XP level 9. HP: 48/48 MP: 10/25
  8414 | D:6      | Reached skill level 11 in Spellcasting
  8534 | D:6      | Found a staircase to the Ecumenical Temple.
  8540 | Temple   | Entered the Ecumenical Temple
  8782 | D:6      | Noticed Maggie
  8794 | D:6      | Killed Maggie
  9173 | D:7      | Reached skill level 5 in Fire Magic
  9482 | D:7      | Found a radiant altar of Vehumet.
  9487 | D:7      | Became a worshipper of Vehumet
  9815 | D:7      | Found a hide-covered altar of Uskayaw.
  9883 | D:7      | Found a sparkling altar of Nemelex Xobeh.
  9883 | D:7      | Found an opulent altar of Gozag.
 10005 | D:7      | Reached skill level 12 in Spellcasting
 10258 | D:7      | Reached XP level 10. HP: 8/53 MP: 16/28
 10647 | D:7      | Noticed a manticore
 10657 | D:7      | Reached skill level 13 in Spellcasting
 10676 | D:7      | Noticed a brown ugly thing
 10676 | D:7      | Noticed a gargoyle
 10763 | D:7      | Noticed a gargoyle
 10910 | D:7      | Noticed a cyclops
 11036 | D:7      | Killed a gargoyle
 11348 | D:7      | Killed a manticore
 11405 | D:7      | Killed a brown ugly thing
 11462 | D:7      | Killed a gargoyle
 11523 | D:7      | Killed a cyclops
 11524 | D:7      | Reached skill level 14 in Spellcasting
 11797 | D:8      | Reached * piety under Vehumet
 11797 | D:8      | Offered knowledge of Foxfire by Vehumet.
 11802 | D:7      | Learned a level 1 spell: Foxfire
 11945 | D:8      | Learned a level 3 spell: Stone Arrow
 12008 | D:8      | Reached skill level 1 in Necromancy
 12026 | D:8      | Reached skill level 1 in Earth Magic
 12026 | D:8      | Reached XP level 11. HP: 26/60 MP: 11/31
 12040 | D:8      | Found a burning altar of Makhleb.
 12242 | D:8      | Found a shadowy altar of Dithmenos.
 12430 | D:8      | Reached ** piety under Vehumet
 12430 | D:8      | Offered knowledge of Static Discharge by Vehumet.
 12562 | D:8      | Learned a level 8 spell: Lehudib's Crystal Spear
 13309 | D:9      | Noticed a two-headed ogre
 13325 | D:9      | Killed a two-headed ogre
 13342 | D:9      | Offered knowledge of Scorch by Vehumet.
 13343 | D:9      | Reached skill level 15 in Spellcasting
 14016 | D:9      | Learned a level 5 spell: Freezing Cloud
 14131 | D:9      | Noticed Gastronok
 14160 | D:9      | Killed Gastronok
 14488 | D:9      | Reached *** piety under Vehumet
 14759 | D:9      | Found a staircase to the Orcish Mines.
 15118 | D:10     | Entered Level 10 of the Dungeon
 15187 | D:10     | Noticed a two-headed ogre
 15211 | D:10     | Killed a two-headed ogre
 15212 | D:10     | Noticed a two-headed ogre
 15232 | D:10     | Killed a two-headed ogre
 15409 | D:10     | Offered knowledge of Sticky Flame by Vehumet.
 15410 | D:10     | Reached skill level 16 in Spellcasting
 15510 | D:10     | Found a flagged portal.
 15519 | Bailey   | Entered a bailey
 15724 | Bailey   | Reached **** piety under Vehumet
 15740 | Bailey   | Reached XP level 12. HP: 36/66 MP: 27/34
 15838 | Bailey   | Offered knowledge of Dazzling Flash by Vehumet.
 15923 | Bailey   | Identified the +5 ring mail of Cynicism {-Cast Str+5 Dex+3}
 15923 | Bailey   | Noticed Grum
 15933 | Bailey   | Killed Grum
 16485 | D:10     | Found a large runed translucent door.
 16486 | D:10     | Found a large runed translucent door.
 16791 | D:10     | Noticed QueenGhuleh's ghost (novice MiBe)
 16904 | D:11     | Found a frozen archway.
 16961 | IceCv    | Entered an ice cave
 17146 | IceCv    | Reached skill level 10 in Conjurations
 17545 | IceCv    | Reached skill level 17 in Spellcasting
 17744 | IceCv    | Reached ***** piety under Vehumet
 17800 | D:11     | Found a staircase to the Lair.
 17870 | D:11     | Noticed a boulder beetle
 17881 | D:11     | Killed a boulder beetle
 17881 | D:11     | Offered knowledge of Fulminant Prism by Vehumet.
 18083 | D:11     | Found Curoim's CLEARANCE SALE!.
 18110 | D:11     | Bought a wand of polymorph (4) for 16 gold pieces
 18110 | D:11     | Bought a +2 helmet for 49 gold pieces
 18110 | D:11     | Bought a scroll of identify for 6 gold pieces
 18110 | D:11     | Bought a scroll of teleportation for 9 gold pieces
 18171 | D:11     | Noticed a two-headed ogre
 18176 | D:11     | Killed a two-headed ogre
 18177 | D:11     | Reached skill level 5 in Shields
 18270 | D:11     | Noticed Snorg
 18281 | D:11     | Killed Snorg
 18648 | D:12     | Reached skill level 10 in Fire Magic
 18778 | D:12     | Reached skill level 18 in Spellcasting
 19233 | D:12     | Noticed a two-headed ogre
 19237 | D:12     | Killed a two-headed ogre
 19238 | D:12     | Reached XP level 13. HP: 70/70 MP: 36/37
 19950 | D:13     | HP: 1/70 [centaur warrior/arrow (19)]
 20100 | D:13     | Reached skill level 5 in Armour
 20120 | D:13     | Noticed Frances
 20129 | D:13     | Killed Frances
 20179 | D:13     | Found a gate to the Vaults.
 20201 | D:13     | Noticed Rupert
 20279 | D:13     | Found a gate leading to a gauntlet.
 20288 | Gauntlet | Entered a Gauntlet
 20288 | Gauntlet | Found a transporter.
 20288 | Gauntlet | Found a transporter.
 20292 | Gauntlet | Found a transporter.
 20292 | Gauntlet | Found a transporter.
 20302 | Gauntlet | Found a transporter.
 20313 | Gauntlet | Found a transporter.
 20327 | Gauntlet | Found a transporter.
 20328 | Gauntlet | Found a transporter.
 20331 | Gauntlet | Found a transporter.
 20333 | Gauntlet | Noticed a dire elephant
 20362 | Gauntlet | Found a transporter.
 20369 | Gauntlet | Found a transporter.
 20399 | Gauntlet | Found a transporter.
 20445 | Gauntlet | Found a transporter.
 20460 | Gauntlet | Found a transporter.
 20579 | Gauntlet | Found a transporter.
 20595 | Gauntlet | Found a transporter.
 20816 | Gauntlet | Reached skill level 19 in Spellcasting
 20914 | Gauntlet | Identified the +1 hat of Jezihe {Str+3}
 20999 | Gauntlet | Identified the +1 helmet of Disguise {-Cast Str+5}
 21016 | Gauntlet | Identified the +6 war axe "Fuclihog" {vorpal, *Rage rElec
                  | Dex+9}
 21018 | Gauntlet | HP: 3/72 [dire elephant (4)]
 21021 | Gauntlet | Mangled by a dire elephant

Illustrated notes

Levels and vault maps discovered:
D:1:      ncdulo_smallfort, layout_rooms, serial_shops,
          nicolae_shop_behind_doors, serial_forest,
          infiniplex_forest_straight_2, infiniplex_forest_straight_2,
          infiniplex_forest_lined_3_way, infiniplex_forest_pool,
          infiniplex_forest_straight_5, infiniplex_forest_join,
          infiniplex_forest_lined_3, infiniplex_forest_zigzag_1
D:2:      layout_basic, serial_shops, nicolae_shop_trees,
          chequers_ecumenical_altar_simple
D:3:      layout_basic, okawaru_trees_2
D:4:      kennysheep_the_goblin_king, layout_cave_pools, zin_scriptorium,
          marbit_many_paths, lemuel_tele_altar, kennysheep_mini,
          doesnt_xom_only_xom, uniq_sigmund, uniq_pikel, uniq_edmund,
          uniq_robin, uniq_menkaure
D:5:      layout_loops_corners, mainiacjoe_overflow_tiny_flanked,
          cheibriados_altar_1, minmay_misc_feat_secret_circle
D:6:      layout_loops_ring, minmay_temple_entry_fiery, dk_noncrumbling_3,
          uniq_maggie
D:7:      minmay_the_grid_triangle_9x9_rhombus_full
          [minmay_the_grid_triangle_9x9_intruding_spiral,
          minmay_the_grid_triangle_9x9_sparse_checkered,
          minmay_the_grid_triangle_9x9_longest,
          minmay_the_grid_triangle_9x9_steps,
          minmay_the_grid_triangle_9x9_semitri,
          minmay_the_grid_triangle_9x9_zippers_vertical,
          minmay_the_grid_triangle_9x9_dagger,
          minmay_the_grid_triangle_9x9_prize_insulated], layout_loops_ring,
          grunt_temple_overflow_opulence, old_standard_altar,
          mainiacjoe_overflow_alcove_2, minmay_misc_feat_roman
D:8:      layout_rooms, grunt_dithmenos_shadows, nicolae_overflow_hidden_temple
D:9:      layout_basic, david_orc_5, minmay_tree_intersection,
          minmay_fractal_squares_diagonal_5, uniq_gastronok
D:10:     layout_basic, ebering_ghost_disaster_area, enter_bailey_2,
          nrook_mini_backslash, minmay_misc_feat_plants, grunt_ministairs_11
D:11:     layout_stronghold, lair_entry_dummy, portal_ice_cave_demonic_guard,
          nicolae_shop_clearance, uniq_snorg
D:12:     layout_cave_pods
D:13:     layout_rooms, david_vaults_1, gauntlet_entry_generic, uniq_frances,
          uniq_rupert
Temple:   hellmonk_temple_flake
Gauntlet: gammafunk_gauntlet_branching [nicolae_gauntlet_swirl,
          gammafunk_gauntlet_arena_crates, nicolae_gauntlet_arena_t_cross,
          gammafunk_gauntlet_arena_grid, nicolae_gauntlet_arena_blocks,
          gammafunk_gauntlet_arena_teeth, gammafunk_gauntlet_arena_mazey,
          nicolae_gauntlet_arena_x, gauntlet_exit_hidden_loot]

Skill      XL: |  1  2  3  4  5  6  7  8  9 10 11 12 13 |
---------------+----------------------------------------+-----
Spellcasting   | 5 6 7 9 10 12 14 16 18 19 | 19.1
Fighting       | 1 2 3 4 |  4.5
Armour         | 1 2 3 4 5 |  5.0
Conjurations   | 2 3 4 5 7 8 9 10 11 | 11.5
Fire Magic     | 1 3 4 5 7 8 10 | 10.9
Dodging        | 3 |  3.0
Ice Magic      | 1 |  1.0
Shields        | 1 2 3 5 |  5.0
Air Magic      | 1 |  1.0
Stealth        | 3 |  3.0
Poison Magic   | 1 |  1.1
Evocations     | 1 |  1.2
Necromancy     | 1 2 |  2.3
Earth Magic    | 1 2 |  2.0
Summonings     | |  1.1
Translocations | |  1.1

Action                   |  1- 3 |  4- 6 |  7- 9 | 10-12 | 13-15 || total
-------------------------+-------+-------+-------+-------+-------++-------
Melee: Whip              |       |    36 |       |       |       ||    36
       Hand axe          |       |     3 |       |       |       ||     3
       Punch             |       |     1 |     1 |       |       ||     2
       Halberd           |       |       |    21 |       |       ||    21
       Dire flail        |       |       |     4 |       |       ||     4
       Dagger            |       |       |    76 |   142 |     7 ||   225
 Fire: Arbalest          |       |       |    64 |    48 |       ||   112
 Cast: Magic Dart        |   114 |   142 |   166 |    34 |       ||   456
       Call Imp          |     1 |     5 |     5 |     7 |       ||    18
       Mephitic Cloud    |       |    15 |    31 |    80 |    16 ||   142
       Conjure Flame     |       |     5 |    25 |    78 |     2 ||   110
       Blink             |       |     2 |     5 |     6 |     6 ||    19
       Foxfire           |       |       |       |   291 |       ||   291
       Stone Arrow       |       |       |       |   102 |    31 ||   133
       Freezing Cloud    |       |       |       |    10 |    16 ||    26
Evoke: Piece from Xom's  |       |       |       |       |     2 ||     2
  Use: Scroll            |       |       |     6 |     5 |     3 ||    14
 Stab: Confused          |       |     4 |     8 |    15 |       ||    27
       Sleeping          |       |       |     1 |       |       ||     1
Armor: Robe              |     6 |    13 |       |       |       ||    19
       Leather armour    |       |    23 |    32 |    14 |       ||    69
       Steam dragon scal |       |       |       |    24 |     5 ||    29
       Acid dragon scale |       |       |       |       |    16 ||    16
Dodge: Dodged            |     6 |    53 |    58 |   116 |    20 ||   253
Block: Buckler           |       |       |    15 |    47 |    12 ||    74

Table legend: (Time is in decaauts)
 A = Elapsed time spent in this place.
 B = Non-inter-level travel time spent in this place.
 C = Inter-level travel time spent in this place.
 D = Time resting spent in this place.
 E = Time spent auto-exploring this place.
 F = Levels seen in this place.
 G = Mean time per level.
                   A        B        C        D        E       F      G
               +--------+--------+--------+--------+--------+-----+--------+
         Total |  21156 |  20064 |   1092 |   3023 |  11939 |  17 | 1244.5 |
       Dungeon |  18678 |  17599 |   1079 |   2470 |  11215 |  13 | 1436.8 |
        Temple |    195 |    183 |     12 |      0 |    134 |   1 |  195.0 |
        Bailey |    726 |    726 |      0 |     96 |    332 |   1 |  726.0 |
      Ice Cave |    824 |    824 |      0 |    368 |    241 |   1 |  824.0 |
      Gauntlet |    732 |    732 |      0 |     89 |     17 |   1 |  732.0 |
               +--------+--------+--------+--------+--------+-----+--------+

Top non-repeatable levels by time:
     D:7: 2690 daAuts
     D:3: 2427 daAuts
     D:9: 2153 daAuts
     D:4: 2044 daAuts
    D:12: 1363 daAuts
     D:5: 1291 daAuts
     D:6: 1259 daAuts
     D:1: 1190 daAuts
     D:2: 1008 daAuts
     D:8: 990 daAuts
    D:11: 989 daAuts
    D:10: 971 daAuts
   IceCv: 824 daAuts
Gauntlet: 732 daAuts
  Bailey: 726 daAuts
